 Dungeon Crawl Stone Soup version 0.29.0-4-gdea44cf6ec (webtiles) character file.

Game seed: 7949115488020982985

88 qw the Chopper (level 4, 0/26 HPs)
             Began as a Tengu Warper on Aug 28, 2022.
             Slain by a shadow imp (2 damage)
             ... summoned by Natasha
             ... on level 2 of the Dungeon.
             The game lasted 00:00:08 (1191 turns).

qw the Chopper (Tengu Warper)                       Turns: 1191, Time: 00:00:08

Health: 0/26       AC:  8    Str: 13    XL:     4   Next: 54%
Magic:  8/8        EV:  6    Int: 13    God:
Gold:   13         SH:  0    Dex: 14    Spells: 7/7 levels left

rFire   . . .      SeeInvis .   Y - +0 hand axe
rCold   . . .      Faith    .   (no shield)
rNeg    . . .      Spirit   .   g - +0 chain mail
rPois   .          Reflect  .   (helmet restricted)
rElec   .          Harm     .   (no cloak)
rCorr   .          Rampage  .   (no gloves)
Will    .....                   (boots unavailable)
Stlth   ..........              a - amulet of regeneration
HPRegen 0.88/turn               (no ring)
MPRegen 0.11/turn               (no ring)

@: slowed, very slow
A: beak, talons 3
a: no special abilities


You were on level 2 of the Dungeon.
You visited 1 branch of the dungeon, and saw 2 of its levels.

You collected 35 gold pieces.
You spent 22 gold pieces at shops.


Innate Abilities, Weirdness & Mutations

You have a beak for a mouth.
You have claws for feet.


   Skills:
 - Level 2.0 Fighting
 + Level 5.1 Axes
 - Level 1.0 Throwing
 - Level 1.1 Armour
 - Level 2.1 Dodging
 - Level 2.0 Spellcasting
 - Level 2.4 Translocations


You had 7 spell levels left.
You didn't know any spells.
Your spell library contained the following spells:

 Spells                   Type           Power      Damage    Failure   Level
 Blink                    Tloc           14%        N/A       99%         2
 Gell's Gravitas          Tloc           7%         N/A       100%        3
 Lesser Beckoning         Tloc           7%         N/A       100%        3
 Teleport Other           Tloc           7%         N/A       100%        3
 Manifold Assault         Tloc           7%         N/A       100%        5

Inventory:

Hand Weapons
 i - a +0 whip
 Y - a +0 hand axe (weapon)
Armour
 g - a +0 chain mail (worn)
Jewellery
 a - an amulet of regeneration (around neck)
Scrolls
 b - 3 scrolls of teleportation {unknown}
 c - a scroll of poison {unknown}
 d - a scroll of butterflies {unknown}
 h - 2 scrolls of identify
Potions
 e - a potion of brilliance {unknown}
 f - a potion of degeneration {unknown}

Dungeon Overview and Level Annotations

Branches:
Dungeon (2/15)

Altars:

Shops:
D:2 ?

Annotations:
D:2 Natasha


Message History

Natasha's front paws start to glow.
Natasha casts a spell at you.
You feel yourself slow down. The grasping roots constrict you.
The grasping roots release their grip on you.
You hit Natasha. You claw Natasha.
Natasha is almost dead.
You hit the white imp but do no damage.
Natasha zaps a wand.
The roots erupt in riotous growth!
The grasping roots grab you!
The white imp is unaffected.
Natasha is unaffected.
The grasping roots constrict you.
The white imp hits you but does no damage.
Natasha claws you. The grasping roots constrict you.
You barely miss Natasha.
Natasha is severely wounded.
You hit the white imp. The white imp gestures at you.
The puff of frost hits you. Natasha casts a spell at you.
The magic dart hits you. The grasping roots constrict you.
The white imp hits you but does no damage.
Natasha mumbles some strange words.
The grasping roots constrict you.
The grasping roots release their grip on you.
You closely miss Natasha. Your kick misses Natasha. Your peck misses Natasha.
Natasha is severely wounded.
You hit the white imp but do no damage. You closely miss the shadow imp.
The white imp barely misses you.
Natasha extends her claws.
Natasha casts a spell.
The shadow imp gestures at you.
You barely resist. The white imp gestures at you. The puff of frost hits you.
You closely miss Natasha. You peck Natasha, but do no damage.
Natasha is severely wounded.
You completely miss the white imp. You hit the shadow imp.
Natasha stares at you and mumbles some strange words.
You feel as though you will be slow longer.
The shadow imp hits you.
You die...

.......))......'..'...+
........#......####...##
........#......## ...
................###.....
##..............'.......
#........5.....####...[
#..............# .
#....(..5h.....#
#..@......#
########..5......######'
#...........>...........
#.......................
#........######.........
#........# #.........
#........# #.........
#........#######'######.
#........'.......#


You could see Natasha, a crimson imp (summoned), a white imp (summoned) and a
shadow imp (summoned).

Vanquished Creatures
  Natasha (D:2)
  2 adders (D:2)
  A worm (D:2)
  4 ball pythons
  6 bats
  5 endoplasms
  2 giant cockroaches
  4 goblins
  3 hobgoblins
  A kobold (D:1)
  3 quokkas (D:2)
  4 frilled lizards
  3 rats
39 creatures vanquished.

Notes
Turn   | Place    | Note
-------+----------+-------------------------------------------
     0 | D:1      | qw the Tengu Warper began the quest for the Orb.
     0 | D:1      | Reached XP level 1. HP: 12/12 MP: 4/4
     0 | D:1      | 0 ||| qw: Version: 0.1-a-89-g26bdef1
     0 | D:1      | 0 ||| qw: Game counter: 529
     0 | D:1      | 0 ||| qw: Always use a shield: true
     0 | D:1      | 0 ||| qw: God list: Okawaru
     0 | D:1      | 0 ||| qw: Allow faded altars: false
     0 | D:1      | 0 ||| qw: Do Orc after D:15 true
     0 | D:1      | 0 ||| qw: Do second Lair branch before Depths: true
     0 | D:1      | 0 ||| qw: Lair rune preference: random
     0 | D:1      | 0 ||| qw: Plans: Normal
     0 | D:1      | 0 ||| PLANNING D:1-11
   189 | D:1      | Reached XP level 2. HP: 17/17 MP: 6/6
   204 | D:1      | Reached skill level 3 in Axes
   750 | D:1      | 750 ||| UPGRADING to +0 ring mail.
   760 | D:1      | 760 ||| DROPPING +0 leather armour.
   761 | D:1      | 761 ||| UPGRADING to +0 chain mail.
   771 | D:1      | 771 ||| DROPPING +0 ring mail.
   772 | D:1      | 772 ||| READING scroll labelled ESMOMO IR BUSCH.
   772 | D:1      | Identified a scroll of acquirement
   772 | D:1      | 772 ||| ACQUIRING amulet of regeneration
   772 | D:1      | Acquired an amulet of regeneration
   774 | D:1      | 774 ||| UPGRADING to amulet of regeneration.
   779 | D:1      | 779 ||| READING 2 scrolls labelled XYSHARGHALAN.
   780 | D:1      | 780 ||| DROPPING scroll of blinking.
   821 | D:2      | Found Cisu's Magic Scroll Emporium.
   826 | D:2      | 826 ||| SHOPLISTING scroll of enchant armour (82 gold, have
                  | 35).
   826 | D:2      | 826 ||| BUYING scroll of identify (22 gold).
   826 | D:2      | Bought a scroll of identify for 22 gold pieces
   826 | D:2      | 826 ||| SHOPLISTING scroll of identify (22 gold, have 13).
   847 | D:2      | Reached XP level 3. HP: 21/21 MP: 7/7
   862 | D:2      | Found a faded altar of an unknown god.
   870 | D:2      | Noticed Natasha
   871 | D:2      | 871 ||| Stepping ~*~*~tactically~*~*~ (hiding).
   879 | D:2      | Killed Natasha
   880 | D:2      | Reached skill level 4 in Axes
   909 | D:2      | Reached XP level 4. HP: 26/26 MP: 8/8
   975 | D:2      | Reached skill level 5 in Axes
  1181 | D:2      | Noticed Natasha
  1189 | D:2      | HP: 6/26 [Natasha/magic dart (5)]
  1189 | D:2      | HP: 1/26 [constriction (5)]
  1191 | D:2      | Slain by a shadow imp

Levels and vault maps discovered:
D:1:      shiori_arrival_oz, layout_loops_ring, minivault_25
D:2:      layout_basic, ebering_ecumenical_altar_box, serial_shops,
          nicolae_shop_crystal, uniq_natasha

Skill      XL: |  1  2  3  4 |
---------------+-------------+-----
Axes           | 3 4 5 |  5.1
Fighting       | |  2.0
Throwing       | |  1.0
Armour         | |  1.1
Dodging        | |  2.1
Spellcasting   | |  2.0
Translocations | |  2.4

Action                   |  1- 3 |  4- 6 || total
-------------------------+-------+-------++-------
Melee: Hand axe          |    59 |    36 ||    95
       Kick              |    13 |     9 ||    22
       Peck              |    10 |     6 ||    16
       Punch             |     1 |       ||     1
Throw: Boomerang         |     7 |       ||     7
  Use: Scroll            |     2 |       ||     2
Armor: Leather armour    |    11 |       ||    11
       Chain mail        |    17 |    10 ||    27
Dodge: Dodged            |    21 |    10 ||    31

Table legend:
 A = Non-vault XP
 B = Vault XP
 C = Vault XP percentage of total XP
 D = Non-vault monster count
 E = Vault monster count
 F = Vault count percentage of total count
                 A         B        C        D         E       F
            +---------+---------+-------+---------+---------+-------
      Total |      90 |      37 |  29.1 |      37 |       2 |   5.1
            +---------+---------+-------+---------+---------+-------
        D:1 |      29 |       2 |   6.5 |      17 |       1 |   5.6
        D:2 |      61 |      35 |  36.5 |      20 |       1 |   4.8
            +---------+---------+-------+---------+---------+-------
